 Dungeon Crawl Stone Soup version 0.19.0-19-g8c6edcc (webtiles) character file.

7820 Chiseanne the Fighter (level 11, -5/156 HPs)
             Began as a Minotaur Berserker on Nov 14, 2016.
             Was an Elder of Trog.
             Slain by a brown very ugly thing (15 damage)
             ... on level 10 of the Dungeon.
             The game lasted 00:20:49 (5445 turns).

Chiseanne the Fighter (Minotaur Berserker)          Turns: 5445, Time: 00:20:50

Health: -5/156     AC: 12    Str: 27    XL:     11   Next: 1%
Magic:  10/10      EV: 16    Int:  8    God:    Trog [****..]
Gold:   196        SH:  0    Dex: 10    Spells: 0 memorised, 10 levels left

rFire  + + .     SeeInvis +     a - +2 war axe (flame)
rCold  . . .     Gourm    .     C - +3 salamander hide armour {+Rage rF++}
rNeg   . . .     Faith    .     (no shield)
rPois  +         Spirit   .     n - +1 hat
rElec  .         Reflect  .     N - +1 cloak of the Pink Corner {rPois Int+4 Dex-3}
rCorr  .         Harm     .     y - +1 pair of gloves
MR     ++...                    (no boots)
Stlth  ..........               (no amulet)
                                b - ring of poison resistance
                                A - ring of see invisible

@: berserking (expiring), regenerating, very quick
A: retaliatory headbutt, horns 2
a: Berserk, Trog's Hand, Brothers in Arms, Burn Spellbooks, Renounce Religion,
Evoke Berserk Rage


You were on level 10 of the Dungeon.
You worshipped Trog.
Trog was greatly pleased with you.
You were near starving.

You visited 1 branch of the dungeon, and saw 10 of its levels.
You also visited: Sewer.

You collected 405 gold pieces.
You spent 209 gold pieces at shops.

Inventory:

Hand Weapons
 a - a +2 war axe of flaming (weapon)
 s - a +1 war axe of electrocution
 D - a +0 blowgun
 L - a +0 battleaxe
Missiles
 d - 16 tomahawks (quivered)
 e - 2 throwing nets
 h - 30 bolts
 l - 179 stones
 x - 50 poisoned needles
 B - 4 curare-tipped needles
 E - 6 steel javelins
 H - 7 javelins
 I - 20 sling bullets
 S - 7 tomahawks of returning
Armour
 n - a +1 hat (worn)
 v - a +1 leather armour of cold resistance
 y - a +1 pair of gloves (worn)
 C - the +3 salamander hide armour (worn) {+Rage rF++}
   (You found it on level 4 of the Dungeon)

   It greatly protects you from fire.
   It lets you go berserk.
 N - the +1 cloak of the Pink Corner (worn) {rPois Int+4 Dex-3}
   (You bought it in a shop on level 4 of the Dungeon)

   It affects your intelligence (+4).
   It affects your dexterity (-3).
   It protects you from poison.
Jewellery
 b - a ring of poison resistance (right hand)
 A - a ring of see invisible (left hand)
 J - an uncursed ring of ice
Wands
 M - a wand of digging (5/24)
 P - a wand of teleportation (0/9)
Scrolls
 w - 6 scrolls of recharging
 K - a scroll of enchant armour
 Q - 2 scrolls of fog
 R - 2 scrolls of teleportation
 T - 2 scrolls of fear
 U - a scroll of remove curse
Potions
 g - a potion of heal wounds
 i - a potion of berserk rage {unknown}
 j - 7 potions of might
 k - 3 potions of haste
 m - 6 potions of flight
 p - 4 potions of curing
 q - 4 potions of brilliance
 r - a potion of invisibility
 t - a potion of mutation {unknown}
 F - 2 potions of agility
 G - 2 potions of cure mutation
 V - a potion of magic
 W - a potion of lignification
Comestibles
 c - 4 bread rations
 f - 3 beef jerkies
 o - 4 fruits
 u - 2 meat rations
 z - a royal jelly


   Skills:
 * Level 11.7 Fighting
 * Level 11.5 Axes
 - Level 6.9 Armour
 * Level 10.3 Dodging


You had 10 spell levels left.
You didn't know any spells.

Dungeon Overview and Level Annotations

Branches:
Dungeon (10/15)               Orc (0/2) D:10
 Temple: D:4-7         Lair: D:8-11

Altars:
Elyvilon
Uskayaw
Yredelemnul
Beogh

Shops:
D:4 [


Innate Abilities, Weirdness & Mutations

You reflexively headbutt those who attack you in melee.
You have a pair of horns on your head.


Message History

The wizard is severely wounded.
You barely miss the brown very ugly thing.
The wizard hits you but does no damage.
The brown very ugly thing completely misses you.
You slash the wizard! You burn the wizard.
You kill the wizard!
Trog accepts your kill.
Trog appreciates your killing of a magic user.
You hear a splash. x2
You have reached level 11!
You hit the brown very ugly thing but do no damage.
You slash the brown very ugly thing! You burn the brown very ugly thing.
The brown very ugly thing is heavily wounded.
The brown very ugly thing misses you.
You hit the brown very ugly thing. You burn the brown very ugly thing.
The brown very ugly thing is heavily wounded.
You completely miss the brown very ugly thing.
The brown very ugly thing is heavily wounded.
The brown very ugly thing trunk-slaps you!
You die...

##...####.###.#
#............#
#............#
#########...##
##.## #### #.#
###≈≈### #.#
##≈)≈≈≈≈## #.#
#..≈##≈≈≈#
##### #.#
#@u####≈≈#
))..### #.#
##..## .≈#
###...## .).
#8..8# ..}#
..##...## #.#
##.≈## ..[#
..)'.8..# .#.
#≈≈## ..$#
..##..).##
#≈≈≈## !$##
###......#
####≈≈..#####
.....##..#
##.###≈..≈##
########.###.##
##..≈≈#####


You could see a brown very ugly thing.

Vanquished Creatures
  The ghost of kaiza the Cleaver, a novice DsBe of Trog (D:9)
  2 wizards (D:10)
  Pikel (D:5)
  The ghost of appiemonkey the Skirmisher, a novice FoFi (D:4)
  4 ugly things (D:10)
  A two-headed ogre (D:10)
  A hippogriff (D:10)
  A warg (D:10)
  Menkaure (D:4)
  5 orc warriors
  A sky beast (D:5)
  6 ogres
  2 phantoms
  A centaur (D:6)
  2 big kobolds (Sewer)
  A bullfrog (D:6)
  A gnoll sergeant (D:5)
  4 scorpions
  11 wights
  2 jellies
  2 crimson imps
  A quasit (D:7)
  2 centaur skeletons
  3 orc priests
  4 hounds
  4 orc wizards
  2 iguanas
  6 worker ants
  4 gnolls (D:5)
  A worker ant zombie (D:9)
  4 adders
  6 river rats (Sewer)
  2 shadow imps
  4 oozes
  An adder skeleton (D:6)
  4 leopard geckos
  44 orcs
  6 ball pythons
  7 giant cockroaches
  5 goblins
  4 hobgoblins
  8 jackals
  6 quokkas
  A bat (D:2)
  5 frilled lizards
  A jackal zombie (D:7)
  17 kobolds
  A leopard gecko skeleton (D:5)
  A leopard gecko zombie (D:6)
  21 rats
  A plant (D:4)
227 creatures vanquished.

Vanquished Creatures (others)
  A centaur (D:5)
  An orc wizard (D:5)
  A hound skeleton (D:5)
  An adder (D:5)
  A shadow imp (D:5)
  A leopard gecko (D:5)
  An orc (D:5)
7 creatures vanquished.

Grand Total: 234 creatures vanquished

Notes
Turn   | Place    | Note
-------+----------+-------------------------------------------
     0 | D:1      | Chiseanne the Minotaur Berserker began the quest for the Orb.
     0 | D:1      | Reached XP level 1. HP: 19/19 MP: 0/0
   320 | D:2      | Found a white marble altar of Elyvilon.
   345 | D:2      | Found a hide-covered altar of Uskayaw.
   363 | D:2      | Reached XP level 2. HP: 27/27 MP: 1/1
   745 | D:4      | Reached XP level 3. HP: 28/33 MP: 2/2
   749 | D:4      | Found Ziediad's Antique Armour Emporium.
   758 | D:4      | Reached XP level 4. HP: 16/40 MP: 3/3
  1153 | D:4      | Noticed Menkaure
  1155 | D:4      | Killed Menkaure
  1155 | D:4      | Reached ** piety under Trog
  1155 | D:4      | Reached skill level 5 in Fighting
  1155 | D:4      | Reached skill level 5 in Axes
  1155 | D:4      | Reached XP level 5. HP: 48/48 MP: 4/4
  1209 | D:4      | Noticed an ogre
  1216 | D:4      | Killed an ogre
  1216 | D:4      | Reached XP level 6. HP: 54/56 MP: 5/5
  1307 | D:4      | Found a basalt altar of Yredelemnul.
  1329 | D:4      | Noticed appiemonkey's ghost (novice FoFi)
  1716 | D:4      | Found a large runed door.
  1716 | D:4      | Found a large runed door.
  1827 | D:4      | Found a large runed door.
  1827 | D:4      | Found a large runed door.
  1926 | D:5      | Entered Level 5 of the Dungeon
  2029 | D:5      | Found a glowing drain.
  2037 | Sewer    | Entered a sewer
  2241 | Sewer    | Reached XP level 7. HP: 61/61 MP: 6/6
  2253 | Sewer    | Reached *** piety under Trog
  2258 | Sewer    | Reached skill level 5 in Armour
  2606 | D:5      | Reached skill level 5 in Dodging
  2687 | D:5      | Reached XP level 8. HP: 71/71 MP: 7/7
  2693 | D:5      | Noticed Pikel
  2704 | D:5      | Killed Pikel
  2999 | D:5      | Reached **** piety under Trog
  3820 | D:6      | Received a gift from Trog
  3820 | D:6      | Reached XP level 9. HP: 74/81 MP: 8/8
  4157 | D:4      | Killed appiemonkey's ghost
  4160 | D:4      | Bought an ancient cloak for 209 gold pieces
  4166 | D:4      | Identified the +1 cloak of the Pink Corner {rPois Int+4 Dex-3} (You bought it in a shop on level 4 of the Dungeon)
  4350 | D:8      | Found a roughly hewn altar of Beogh.
  4442 | D:9      | Noticed kaiza's ghost (novice DsBe)
  4461 | D:9      | Killed kaiza's ghost
  4461 | D:9      | Reached skill level 10 in Fighting
  4461 | D:9      | Reached XP level 10. HP: 74/93 MP: 9/9
  4475 | D:10     | Entered Level 10 of the Dungeon
  4587 | D:10     | Reached skill level 10 in Axes
  4665 | D:10     | Reached ***** piety under Trog
  4698 | D:10     | Noticed a green ugly thing
  4699 | D:10     | Noticed a green ugly thing
  4700 | D:10     | Noticed a red ugly thing
  4700 | D:10     | Noticed a white ugly thing
  4700 | D:10     | Noticed a white ugly thing
  4712 | D:10     | Noticed a white ugly thing
  4712 | D:10     | Killed a green ugly thing
  4716 | D:10     | Killed a red ugly thing
  4720 | D:10     | Killed a white ugly thing
  4724 | D:10     | Killed a white ugly thing
  5017 | D:10     | Reached skill level 10 in Dodging
  5173 | D:10     | Found a staircase to the Orcish Mines.
  5349 | D:10     | Noticed a wizard
  5357 | D:10     | Killed a wizard
  5425 | D:10     | Noticed a brown very ugly thing
  5425 | D:10     | Noticed a wizard
  5439 | D:10     | HP: 5/144 [acid (7)]
  5441 | D:10     | Killed a wizard
  5441 | D:10     | Reached XP level 11. HP: 6/104 MP: 10/10
  5445 | D:10     | Slain by a brown very ugly thing

Skill      XL: |  1  2  3  4  5  6  7  8  9 10 |
---------------+-------------------------------+-----
Axes           | 4 5 6 8 9 11 | 11.5
Fighting       | 4 5 6 8 10 11 | 11.7
Armour         | 3 4 5 6 |  6.9
Dodging        | 3 4 5 6 8 10 | 10.3

Action                   |  1- 3 |  4- 6 |  7- 9 | 10-12 || total
-------------------------+-------+-------+-------+-------++-------
Melee: Hand axe          |    39 |    85 |   108 |       ||   232
       Headbutt          |     6 |    20 |    45 |    16 ||    87
       War axe           |       |       |   124 |   126 ||   250
       Whip              |       |       |     1 |       ||     1
Throw: Tomahawk          |       |     2 |     2 |    10 ||    14
Invok: Berserk           |     1 |     2 |     3 |     3 ||     9
       Trog's Hand       |       |     2 |     4 |     7 ||    13
Evoke: Wand              |       |       |       |     3 ||     3
  Use: Scroll            |     3 |     4 |     7 |     8 ||    22
       Potion            |       |       |       |     5 ||     5
 Stab: Sleeping          |     1 |       |     2 |       ||     3
       Distracted        |       |       |     1 |       ||     1
       Invisible         |       |       |       |     5 ||     5
  Eat: Chunk             |       |     7 |    11 |     6 ||    24
       Fruit             |       |     1 |       |     2 ||     3
Armor: Animal skin       |     5 |     5 |       |       ||    10
       Leather armour    |       |    14 |    64 |    24 ||   102
       Skin              |       |       |       |    15 ||    15
Dodge: Dodged            |    23 |    70 |   193 |    56 ||   342
